Map: Abyssal Reef LE

Players

Vlign

  • Race: Terran Terran
  • League: Diamond
  • Spawn Location: 11:00

A.I. 1 (Elite) - Winner!

  • Race: Zerg Zerg
  • Spawn Location: 5:00

VOD

Have the link to the VOD?

Description

Time

  • Played on: July 18, 2018, 1:31 a.m.
  • Length: 5:59
Show
View Real Time Build Order
Export as new Build Order

Vlign Terran 

Build Orders:  

Get SALT Encoding   

  12  0:01  SCV  
  13  0:13  SCV  
  14  0:29  Supply Depot  
  14  0:30  SCV  
  14  0:34  Refinery  
  15  0:51  SCV  
  16  0:58  Barracks  
  16  1:03  SCV  
  17  1:15  SCV  
  18  1:18  Refinery  
  18  1:27  SCV  
  20  1:46  Orbital Command  
  19  1:47  Reaper  
  19  1:53  Factory  
  20  2:04  Supply Depot  
  20  2:12  SCV  
  21  2:23  Barracks Reactor  
  21  2:24  SCV  
  22  2:33  Command Center  
  22  2:36  Hellion, SCV  
  25  2:41  Supply Depot  
  25  2:58  Hellion  
  27  3:00  Marine x2  
  29  3:07  Starport  
  29  3:08  SCV  
  29  3:11  Barracks  
  30  3:20  SCV  
  30  3:23  Cyclone  
  30  3:24  Marine  
  35  3:32  Marine  
  36  3:35  SCV  
  37  3:42  Marine  
  37  3:45  Orbital Command  
  37  3:47  SCV  
  39  3:52  Medivac  
  41  3:59  SCV  
  41  4:00  Barracks Tech Lab  
  42  4:03  Marine x2  
  44  4:11  Cyclone  
  44  4:12  SCV  
  44  4:13  SCV  
  49  4:24  SCV  
  49  4:25  Marine  
  49  4:28  Medivac  
  49  4:30  Marine  
  54  4:36  Supply Depot  
  54  4:39  Supply Depot  
  54  4:57  SCV x2, Marine x2  
  54  4:58  Widow Mine  
  60  5:01  Marine  
  61  5:14  SCV  
  61  5:15  SCV, Marine x2  
  65  5:21  Marine  
  65  5:24  Viking  
  65  5:26  SCV  
  69  5:30  Command Center  
  69  5:33  Marine  
  70  5:38  Marine  
Show
View Real Time Build Order
Export as new Build Order

A.I. 1 (Elite) Zerg - Winner!

Build Orders: Pool First 

Get SALT Encoding   

  12  0:00  Drone  
  13  0:12  Overlord  
  13  0:16  Drone  
  14  0:31  Drone x2  
  16  0:42  Spawning Pool  
  15  0:45  Drone  
  15  0:48  Drone  
  17  1:13  Hatchery, Drone  
  17  1:16  Extractor  
  16  1:19  Drone  
  16  1:21  Extractor  
  16  1:25  Drone  
  17  1:29  Drone  
  17  1:38  Drone  
  19  1:49  Overlord  
  19  1:56  Queen  
  21  2:01  Zergling x2  
  22  2:11  Drone  
  23  2:25  Queen  
  25  2:30  Drone  
  26  2:38  Drone  
  26  2:41  Drone  
  28  2:45  Drone  
  29  3:00  Roach Warren  
  29  3:01  Drone  
  29  3:05  Drone  
  30  3:07  Zergling x2  
  30  3:12  Zergling x2  
  32  3:17  Overlord  
  32  3:20  Drone  
  32  3:23  Drone  
  34  3:40  Roach  
  36  3:42  Roach x2  
  36  3:43  Roach  
  36  3:47  Lair  
  42  3:52  Overlord  
  42  3:57  Overlord  
  42  4:00  Zergling x2  
  42  4:02  Zergling x2  
  44  4:10  Zergling x2, Drone x2  
  44  4:12  Drone  
  44  4:14  Drone  
  49  4:17  Drone  
  49  4:22  Overlord  
  50  4:26  Roach  
  50  4:29  Roach  
  54  4:33  Roach  
  54  4:35  Roach  
  58  4:39  Overlord  
  58  4:46  Drone  
  58  4:47  Hydralisk Den  
  58  4:48  Drone  
  58  4:50  Drone  
  60  4:53  Roach  
  60  4:57  Roach  
  64  5:01  Overlord  
  64  5:07  Drone  
  64  5:08  Drone  
  64  5:11  Drone  
  64  5:12  Drone  
  69  5:14  Drone  
  69  5:15  Hydralisk  
  69  5:17  Hydralisk  
  73  5:22  Hydralisk  
  73  5:25  Overlord  
  75  5:29  Hydralisk  
  75  5:31  Drone  
  75  5:32  Drone  
  75  5:35  Drone  
  80  5:37  Drone  
  80  5:40  Drone  
  76  5:46  Drone  
Tags
 
League
Diamond
Matchup
TvZ
Opening
Pool First
Replay Pack
replaypack2
Spawn Locations
Cross Positions
Add a new tag
Caveats
  • Supply blocks, unpowered buildings, or Contaminate may cause inaccurate times.
  • Supply counts are checked every 10 seconds.